| TOP OF THE 1ST |
|
Marion Mets batting - Pitching for Covington Blue Sox : RHP Javier Landeros
|
|
Pitching: RHP Javier Landeros
|
|
|
Batting: RHB Thomas Wallace
|
0-0: Ball 1-0: Ball 2-0: Called Strike 2-1: Bunted foul 2-2: Reached on error, E6 (Groundball, 6, EV 82.5 MPH)
|
|
Batting: LHB Ricky de la Cruz
|
0-0: Ball 1-0: Ball 2-0: Ball 3-0: Called Strike 3-1: Fly out, F8 (Flyball, 8LS, EV 92.5 MPH)
|
|
Batting: RHB Rey Quinones
|
0-0: Called Strike 0-1: Ball 1-1: Ball 2-1: SINGLE (Groundball, 6S, EV 67.5 MPH) (infield hit) Thomas Wallace to third
|
|
Batting: LHB Christopher Chapman
|
0-0: Called Strike 0-1: Fly out, F7 (Flyball, 7LS, EV 86.9 MPH)
|
|
Batting: RHB Wayne Harrison
|
0-0: Ball 1-0: Called Strike 1-1: Foul Ball, location: 2F 1-2: Foul Ball, location: 2F 1-2: Reached on error, E6 (Groundball, 6, EV 85.0 MPH) Thomas Wallace scores Rey Quinones to second
|
|
Batting: LHB Lorenzo Castillo
|
0-0: Foul Ball, location: 2F 0-1: Ball 1-1: Foul Ball, location: 2F 1-2: Strikes out swinging
|
| Top of the 1st over - 1 run, 1 hit, 2 errors, 2 left on base; Marion 1 - Covington 0 |
| BOTTOM OF THE 1ST |
|
Covington Blue Sox batting - Pitching for Marion Mets : RHP Kirby Krueger
|
|
Pitching: RHP Kirby Krueger
|
|
|
Batting: RHB Douglas Palmer
|
0-0: Ball 1-0: Foul Ball, location: 2F 1-1: Bunted foul 1-2: Foul Ball, location: 2F 1-2: Fly out, F3 (Popup, 34S, EV 40.6 MPH)
|
|
Batting: SHB Sam Haro
|
0-0: Ground out 5-3 (Groundball, 56, EV 82.5 MPH)
|
|
Batting: LHB Tito Nanni
|
0-0: Ball 1-0: Ground out 1-3 (Groundball, 15S, EV 65.6 MPH)
|
| Bottom of the 1st over - 0 runs, 0 hits, 0 errors, 0 left on base; Marion 1 - Covington 0 |
| TOP OF THE 2ND |
|
Marion Mets batting - Pitching for Covington Blue Sox : RHP Javier Landeros
|
|
Batting: LHB Jeff Schulz
|
0-0: Called Strike 0-1: Ball 1-1: Swinging Strike 1-2: Foul Ball, location: 2F 1-2: Ball 2-2: SINGLE (Line Drive, 9S, EV 91.9 MPH)
|
|
Batting: RHB Bob Geren
|
0-0: Grounds into double play, 5-4-3 (Groundball, 56, EV 81.3 MPH)
|
|
Batting: RHB Miguel Corona
|
0-0: Swinging Strike 0-1: Ball 1-1: Foul Ball, location: 2F 1-2: Foul Ball, location: 2F 1-2: Strikes out looking
|
| Top of the 2nd over - 0 runs, 1 hit, 0 errors, 0 left on base; Marion 1 - Covington 0 |
| BOTTOM OF THE 2ND |
|
Covington Blue Sox batting - Pitching for Marion Mets : RHP Kirby Krueger
|
|
Batting: RHB Francisco Batista
|
0-0: Ball 1-0: Ball 2-0: Called Strike 2-1: Called Strike 2-2: Foul Ball, location: 2F 2-2: SINGLE (Groundball, 6MD, EV 108.8 MPH)
|
|
Batting: RHB Reginald Dewar
|
0-0: Called Strike 0-1: Ball 1-1: Foul Ball, location: 2F 1-2: DOUBLE (Line Drive, 9LS, EV 103.1 MPH) Francisco Batista to third
|
|
Batting: RHB William Hoff
|
0-0: Ball 1-0: Called Strike 1-1: Foul Ball, location: 2F 1-2: Ball 2-2: Foul Ball, location: 2F 2-2: Strikes out swinging
|
|
Batting: RHB Kenneth Bodle
|
0-0: Called Strike 0-1: Ball 1-1: Ground out 6-3 (Groundball, 6, EV 91.3 MPH) Francisco Batista scores
|
|
Batting: LHB Scott Hood
|
0-0: Foul Ball, location: 2F 0-1: Ball 1-1: Foul Ball, location: 2F 1-2: Foul Ball, location: 2F 1-2: Fly out, F9 (Flyball, 9LM, EV 89.4 MPH)
|
| Bottom of the 2nd over - 1 run, 2 hits, 0 errors, 1 left on base; Marion 1 - Covington 1 |
| TOP OF THE 3RD |
|
Marion Mets batting - Pitching for Covington Blue Sox : RHP Javier Landeros
|
|
Batting: RHB Thomas Wallace
|
0-0: Ball 1-0: Called Strike 1-1: Ball 2-1: Foul Ball, location: 2F 2-2: Foul Ball, location: 2F 2-2: Foul Ball, location: 2F 2-2: Foul Ball, location: 2F 2-2: Foul Ball, location: 2F 2-2: Ball 3-2: Fly out, F8 (Line Drive, 8LM, EV 86.3 MPH)
|
|
Batting: LHB Ricky de la Cruz
|
0-0: Ground out 1-3 (Groundball, 13S, EV 70.6 MPH)
|
|
Batting: RHB Rey Quinones
|
0-0: Ball 1-0: Ball 2-0: SINGLE (Line Drive, 6MD, EV 108.8 MPH)
|
|
Batting: LHB Christopher Chapman
|
0-0: DOUBLE (Line Drive, 7LS, EV 107.5 MPH) Rey Quinones to third Runner from 3rd tries for Home, SAFE, no throw by LF
|
|
Batting: RHB Wayne Harrison
|
0-0: Called Strike 0-1: Foul Ball, location: 2F 0-2: Strikes out swinging
|
| Top of the 3rd over - 1 run, 2 hits, 0 errors, 1 left on base; Marion 2 - Covington 1 |
| BOTTOM OF THE 3RD |
|
Covington Blue Sox batting - Pitching for Marion Mets : RHP Kirby Krueger
|
|
Batting: RHB Jorge Pena
|
0-0: Called Strike 0-1: Swinging Strike 0-2: Ball 1-2: Ball 2-2: Strikes out swinging
|
|
Batting: RHB Douglas Palmer
|
0-0: Ball 1-0: Called Strike 1-1: Called Strike 1-2: Fly out, F8 (Line Drive, 8LM, EV 95.0 MPH)
|
|
Batting: SHB Sam Haro
|
0-0: Foul Ball, location: 2F 0-1: Ball 1-1: Called Strike 1-2: Strikes out looking
|
| Bottom of the 3rd over - 0 runs, 0 hits, 0 errors, 0 left on base; Marion 2 - Covington 1 |
| TOP OF THE 4TH |
|
Marion Mets batting - Pitching for Covington Blue Sox : RHP Javier Landeros
|
|
Batting: LHB Lorenzo Castillo
|
0-0: Ball 1-0: Foul Ball, location: 2F 1-1: Fly out, F8 (Line Drive, 8LD, EV 86.9 MPH)
|
|
Batting: LHB Jeff Schulz
|
0-0: SINGLE (Groundball, 56S, EV 73.1 MPH) (infield hit)
|
|
Batting: RHB Bob Geren
|
0-0: Called Strike 0-1: Foul Ball, location: 2F 0-2: Ball Jeff Schulz is caught stealing 2nd base 2-4 1-2: DOUBLE (Line Drive, 78M, EV 101.3 MPH)
|
|
Batting: RHB Miguel Corona
|
0-0: SINGLE (Groundball, 4D, EV 98.1 MPH) Bob Geren to third Runner from 3rd tries for Home, SAFE, throw by CF to home
|
|
Batting: RHB Thomas Wallace
|
0-0: Foul Ball, location: 2F 0-1: Foul Ball, location: 2F 0-2: Ball 1-2: TRIPLE (Groundball, 3L, EV 103.8 MPH) Miguel Corona scores
|
|
Batting: LHB Ricky de la Cruz
|
0-0: Ball 1-0: Swinging Strike 1-1: SINGLE (Line Drive, 9S, EV 89.4 MPH) Thomas Wallace scores
|
|
Batting: RHB Rey Quinones
|
0-0: Ball 1-0: SINGLE (Groundball, 6MS, EV 72.5 MPH) (infield hit) Ricky de la Cruz to second
|
|
Batting: LHB Christopher Chapman
|
0-0: Reached on error, E3 (Groundball, 34S, EV 72.5 MPH) Ricky de la Cruz to third Rey Quinones to second
|
|
Batting: RHB Wayne Harrison
|
0-0: Called Strike 0-1: Ball 1-1: Fly out, F9 (Flyball, 9S, EV 83.8 MPH)
|
| Top of the 4th over - 3 runs, 6 hits, 1 error, 3 left on base; Marion 5 - Covington 1 |
| BOTTOM OF THE 4TH |
|
Covington Blue Sox batting - Pitching for Marion Mets : RHP Kirby Krueger
|
|
Batting: LHB Tito Nanni
|
0-0: Ball 1-0: SINGLE (Flyball, 78S, EV 96.3 MPH)
|
|
Batting: RHB Francisco Batista
|
0-0: Ball Tito Nanni steals 2nd base 1-0: Ball 2-0: Ball 3-0: Called Strike 3-1: Foul Ball, location: 2F 3-2: Foul Ball, location: 2F 3-2: Ground out 6-3 (Groundball, 6, EV 99.4 MPH)
|
|
Batting: RHB Reginald Dewar
|
0-0: Ball 1-0: Foul Ball, location: 2F 1-1: Foul Ball, location: 2F 1-2: Fly out, F8 (Line Drive, 8LD, EV 101.9 MPH)
|
|
Batting: RHB William Hoff
|
0-0: Fly out, F7 (Flyball, 7S, EV 93.1 MPH)
|
| Bottom of the 4th over - 0 runs, 1 hit, 0 errors, 1 left on base; Marion 5 - Covington 1 |
| TOP OF THE 5TH |
|
Marion Mets batting - Pitching for Covington Blue Sox : RHP Javier Landeros
|
|
Batting: LHB Lorenzo Castillo
|
0-0: Swinging Strike 0-1: Ball 1-1: Foul Ball, location: 2F 1-2: Fly out, F8 (Flyball, 8RM, EV 93.8 MPH)
|
|
Batting: LHB Jeff Schulz
|
0-0: Ball 1-0: Called Strike 1-1: SINGLE (Groundball, 34S, EV 63.1 MPH) (infield hit)
|
|
Batting: RHB Bob Geren
|
0-0: Called Strike 0-1: Swinging Strike 0-2: SINGLE (Line Drive, 9LS, EV 111.3 MPH) Jeff Schulz to second
|
|
Batting: RHB Miguel Corona
|
0-0: Foul Ball, location: 2F 0-1: Grounds into double play, 6-4-3 (Groundball, 6, EV 84.4 MPH)
|
| Top of the 5th over - 0 runs, 2 hits, 0 errors, 1 left on base; Marion 5 - Covington 1 |
| BOTTOM OF THE 5TH |
|
Covington Blue Sox batting - Pitching for Marion Mets : RHP Kirby Krueger
|
|
Batting: RHB Kenneth Bodle
|
0-0: Called Strike 0-1: Foul Ball, location: 2F 0-2: Ball 1-2: Foul Ball, location: 2F 1-2: Ball 2-2: Foul Ball, location: 2F 2-2: Ball 3-2: DOUBLE (Groundball, 5L, EV 97.5 MPH)
|
|
Batting: LHB Scott Hood
|
0-0: Fly out, F4 (Popup, 4, EV 71.3 MPH)
|
|
Batting: RHB Jorge Pena
|
0-0: Foul Ball, location: 2F 0-1: Ball 1-1: Ball 2-1: Foul Ball, location: 2F 2-2: Foul Ball, location: 2F 2-2: SINGLE (Line Drive, 8RS, EV 112.5 MPH) Kenneth Bodle to third Runner from 3rd tries for Home, SAFE, throw by CF to home Jorge Pena to second
|
|
Batting: RHB Douglas Palmer
|
0-0: Ball 1-0: SINGLE (Groundball, 6MD, EV 104.4 MPH) Jorge Pena to third Runner from 3rd tries for Home, SAFE, throw by CF to home
|
|
Batting: SHB Sam Haro
|
0-0: Ball 1-0: Fly out, F8 (Flyball, 8LS, EV 72.5 MPH)
|
|
Batting: LHB Tito Nanni
|
0-0: Ball 1-0: Ball 2-0: SINGLE (Groundball, 34S, EV 73.1 MPH) (infield hit) Douglas Palmer to second
|
|
Batting: RHB Francisco Batista
|
0-0: Foul Ball, location: 2F 0-1: Ball 1-1: SINGLE (Flyball, 5D, EV 95.0 MPH) Douglas Palmer to third Tito Nanni to second Runner from 3rd tries for Home, SAFE, throw by LF to home
|
|
Batting: RHB Reginald Dewar
|
0-0: Ball 1-0: Swinging Strike 1-1: Ball 2-1: Fly out, F7 (Flyball, 78M, EV 75.6 MPH)
|
| Bottom of the 5th over - 3 runs, 5 hits, 0 errors, 2 left on base; Marion 5 - Covington 4 |
| TOP OF THE 6TH |
|
Marion Mets batting - Pitching for Covington Blue Sox : RHP Javier Landeros
|
|
Batting: RHB Thomas Wallace
|
0-0: Called Strike 0-1: Ground out 4-3 (Groundball, 4S, EV 70.0 MPH)
|
|
Batting: LHB Ricky de la Cruz
|
0-0: Ball 1-0: Ball 2-0: Ground out U3 (Groundball, 3L, EV 81.3 MPH)
|
|
Batting: RHB Rey Quinones
|
0-0: Foul Ball, location: 2F 0-1: Foul Ball, location: 2F 0-2: Ball 1-2: Ball 2-2: Ball 3-2: Base on Balls
|
|
Batting: LHB Christopher Chapman
|
0-0: Ball 1-0: Fielders Choice at 2nd, 6-4 (Groundball, 6, EV 86.9 MPH)
|
| Top of the 6th over - 0 runs, 0 hits, 0 errors, 1 left on base; Marion 5 - Covington 4 |
| BOTTOM OF THE 6TH |
|
Covington Blue Sox batting - Pitching for Marion Mets : RHP Kirby Krueger
|
|
Batting: RHB William Hoff
|
0-0: Called Strike 0-1: SINGLE (Line Drive, 89S, EV 106.3 MPH)
|
|
Batting: RHB Kenneth Bodle
|
0-0: Ball 1-0: Ball 2-0: Grounds into double play, 4-6-3 (Groundball, 4, EV 80.6 MPH)
|
|
Batting: LHB Scott Hood
|
0-0: Ball 1-0: Ball 2-0: SINGLE (Line Drive, 78S, EV 87.5 MPH)
|
|
Batting: RHB Jorge Pena
|
0-0: Foul Ball, location: 2F 0-1: Ball 1-1: Called Strike 1-2: Ball 2-2: Foul Ball, location: 2F 2-2: Ground out U3 (Groundball, 3L, EV 89.4 MPH)
|
| Bottom of the 6th over - 0 runs, 2 hits, 0 errors, 1 left on base; Marion 5 - Covington 4 |
| TOP OF THE 7TH |
|
Marion Mets batting - Pitching for Covington Blue Sox : RHP Javier Landeros
|
|
Batting: RHB Wayne Harrison
|
0-0: Ball 1-0: Ball 2-0: Ball 3-0: Called Strike 3-1: Called Strike 3-2: Foul Ball, location: 2F 3-2: Foul Ball, location: 2F 3-2: Base on Balls
|
|
Batting: LHB Lorenzo Castillo
|
0-0: Ball 1-0: Ball 2-0: Called Strike 2-1: Ball 3-1: Base on Balls Wayne Harrison to second
|
|
Pinch Runner at 2nd Francisco Jimenez:
|
|
|
Batting: LHB Jeff Schulz
|
0-0: Called Strike 0-1: Called Strike 0-2: Strikes out swinging
|
|
Batting: RHB Bob Geren
|
0-0: Fly out, F5 (Flyball, 56D, EV 78.8 MPH)
|
|
Batting: RHB Miguel Corona
|
0-0: Ball 1-0: Fly out, F8 (Flyball, 78D, EV 82.5 MPH)
|
| Top of the 7th over - 0 runs, 0 hits, 0 errors, 2 left on base; Marion 5 - Covington 4 |
| BOTTOM OF THE 7TH |
|
Covington Blue Sox batting - Pitching for Marion Mets : RHP Kirby Krueger
|
|
Now at 3B: Victor Madden
|
|
|
Batting: RHB Douglas Palmer
|
0-0: Foul Ball, location: 2F 0-1: Foul Ball, location: 2F 0-2: Ball 1-2: Ball 2-2: Ground out 4-3 (Groundball, 4S, EV 81.3 MPH)
|
|
Batting: SHB Sam Haro
|
0-0: Called Strike 0-1: Ball 1-1: Swinging Strike 1-2: Fly out, F7 (Line Drive, 7, EV 94.4 MPH)
|
|
Batting: LHB Tito Nanni
|
0-0: Fly out, F8 (Flyball, 89M, EV 91.3 MPH)
|
| Bottom of the 7th over - 0 runs, 0 hits, 0 errors, 0 left on base; Marion 5 - Covington 4 |
| TOP OF THE 8TH |
|
Marion Mets batting - Pitching for Covington Blue Sox : RHP Javier Landeros
|
|
Batting: RHB Thomas Wallace
|
0-0: Ball 1-0: SINGLE (Line Drive, 8LS, EV 105.6 MPH)
|
|
Batting: LHB Ricky de la Cruz
|
0-0: Called Strike 0-1: Ball 1-1: Foul Ball, location: 2F 1-2: Foul Ball, location: 2F 1-2: Fly out, F5 (Popup, 25, EV 86.9 MPH)
|
|
Batting: RHB Rey Quinones
|
0-0: Foul Ball, location: 2F 0-1: Ball 1-1: Ball 2-1: Foul Ball, location: 2F 2-2: Fly out, F9 (Flyball, 89S, EV 71.3 MPH)
|
|
Batting: LHB Christopher Chapman
|
0-0: Called Strike 0-1: Ball 1-1: Ball Thomas Wallace steals 2nd base 2-1: Ground out 4-3 (Groundball, 4, EV 106.9 MPH)
|
| Top of the 8th over - 0 runs, 1 hit, 0 errors, 1 left on base; Marion 5 - Covington 4 |
| BOTTOM OF THE 8TH |
|
Covington Blue Sox batting - Pitching for Marion Mets : RHP Kirby Krueger
|
|
Batting: RHB Francisco Batista
|
0-0: Ball 1-0: SINGLE (Line Drive, 7LM, EV 107.5 MPH)
|
|
Batting: RHB Reginald Dewar
|
0-0: Ball 1-0: Called Strike 1-1: Swinging Strike 1-2: DOUBLE (Line Drive, 9LS, EV 95.6 MPH) Francisco Batista to third
|
|
Batting: RHB William Hoff
|
0-0: Ball 1-0: Foul Ball, location: 2F 1-1: Ball 2-1: Swinging Strike 2-2: Ball 3-2: SINGLE (Flyball, 78S, EV 87.5 MPH) Francisco Batista scores Reginald Dewar to third
|
|
Pitching: RHP Mark Teutsch
|
|
|
Batting: RHB Kenneth Bodle
|
0-0: Foul Ball, location: 2F 0-1: Called Strike 0-2: Strikes out looking
|
|
Batting: LHB Scott Hood
|
0-0: Ball 1-0: Fly out, F8 (Flyball, 89XD, EV 79.4 MPH) Runner from 3rd tags up, SCORES, no throw by CF
|
|
Batting: RHB Jorge Pena
|
0-0: Ball 1-0: Called Strike 1-1: Swinging Strike 1-2: SINGLE (Groundball, 6MS, EV 66.9 MPH) (infield hit) William Hoff to second
|
|
Batting: RHB Douglas Palmer
|
0-0: Ball 1-0: Ball 2-0: Fly out, F5 (Popup, 5SF, EV 70.6 MPH)
|
| Bottom of the 8th over - 2 runs, 4 hits, 0 errors, 2 left on base; Marion 5 - Covington 6 |
| TOP OF THE 9TH |
|
Marion Mets batting - Pitching for Covington Blue Sox : RHP Javier Landeros
|
|
Pitching: RHP Joe Isaacs
|
|
|
Now in LF: John Halasz
|
|
|
Batting: LHB Victor Madden
|
0-0: Foul Ball, location: 2F 0-1: Ball 1-1: Ground out 1-3 (Groundball, 25, EV 68.8 MPH)
|
|
Batting: LHB Lorenzo Castillo
|
0-0: Foul Ball, location: 2F 0-1: Ball 1-1: Ball 2-1: Foul Ball, location: 2F 2-2: Fly out, F9 (Flyball, 9LM, EV 78.8 MPH)
|
|
Batting: LHB Jeff Schulz
|
0-0: Ball 1-0: Ground out 5-3 (Groundball, 5S, EV 85.0 MPH)
|
| Top of the 9th over - 0 runs, 0 hits, 0 errors, 0 left on base; Marion 5 - Covington 6 |
|